 Dungeon Crawl Stone Soup version 0.22.1-1-ga44c0e5 (webtiles) character file.

85 Velaskes the Skirmisher (level 4, 0/38 HPs)
             Began as a Demonspawn Abyssal Knight on Oct 30, 2018.
             Was a Follower of Lugonu.
             Slain by an ooze (5 damage)
             ... on level 3 of the Dungeon.
             The game lasted 00:09:20 (2275 turns).

Velaskes the Skirmisher (Demonspawn Abyssal Knight) Turns: 2275, Time: 00:09:21

Health: 0/38       AC:  4    Str: 20    XL:     4   Next: 25%
Magic:  5/5        EV: 11    Int: 13    God:    Lugonu [*.....]
Gold:   136        SH:  3    Dex: 13    Spells: 3/3 levels left

rFire    + . .     SeeInvis .   a - +1 mace
rCold    . . .     Gourm    .   m - +0 buckler
rNeg     . . .     Faith    .   b - +0 leather armour
rPois    .         Spirit   .   (no helmet)
rElec    .         Reflect  .   (no cloak)
rCorr    .         Harm     .   (no gloves)
MR       .....                  (no boots)
Stlth    +.........             (no amulet)
HPRegen  0.12/turn              n - ring of protection from fire
MPRegen  0.09/turn              i - +2 ring of strength

@: mighty
A: rugged brown scales 1, powered by pain 2
a: Depart the Abyss, Renounce Religion


You were on level 3 of the Dungeon.
You worshipped Lugonu.
Lugonu was aware of your devotion.
You were not hungry.

You visited 1 branch of the dungeon, and saw 3 of its levels.
You visited the Abyss 1 time.

You collected 136 gold pieces.

Inventory:

Hand Weapons
 a - a +1 mace (weapon)
Armour
 b - a +0 leather armour (worn)
 m - a +0 buckler (worn)
Jewellery
 g - a +3 ring of intelligence
 i - a +2 ring of strength (right hand)
 n - a ring of protection from fire (left hand)
Scrolls
 d - a scroll of magic mapping
 f - a scroll of remove curse
Potions
 e - a potion of curing
 k - 2 potions of agility
Comestibles
 c - 3 rations


   Skills:
 + Level 4.0 Fighting
 + Level 2.7 Maces & Flails
 + Level 2.2 Armour
 + Level 1.1 Dodging
 + Level 0.1 Shields
 + Level 2.6 Invocations


You had 3 spell levels left.
You didn't know any spells.
Your spell library was empty.

Dungeon Overview and Level Annotations

Branches:
Dungeon (3/15)

Altars:


Innate Abilities, Weirdness & Mutations

You are partially covered in rugged brown scales. (AC +1, +3% HP)
You sometimes gain power by taking damage.


Message History

Found 9 gold pieces.
The giant cockroach closely misses you.
The ooze jiggles.
The giant cockroach waves its antennae.
The giant cockroach barely misses you.
Found a short sword and 13 gold pieces.
You see here 9 gold pieces.
You thump the giant cockroach!
You kill the giant cockroach!
Lugonu accepts your kill.
You hit the giant cockroach but do no damage.
The giant cockroach is severely wounded.
The giant cockroach barely misses you.
The giant cockroach bites you but does no damage.
You block the giant cockroach's attack.
You hit the giant cockroach.
You kill the giant cockroach!
Lugonu accepts your kill. The ooze hits you.
You die...

## .# .#
♣♣♣.###
♣.@...#
#J###.#
♣##.....#
♣....#### ##
#......#
###$.##$.###.#
...)...†.# .#
#######..###.#
#......#


You could see an ooze.

Vanquished Creatures
  Robin (D:3)
  An adder (D:3)
  5 dart slugs
  2 leopard geckos (D:2)
  An orc (D:3)
  2 ball pythons
  4 bats
  2 giant cockroaches (D:3)
  10 goblins
  10 hobgoblins
  6 kobolds
  A frilled lizard (D:1)
  4 rats (D:1)
49 creatures vanquished.

Notes
Turn   | Place    | Note
-------+----------+-------------------------------------------
     0 | Abyss:1  | Velaskes the Demonspawn Abyssal Knight began the quest for
                  | the Orb.
     0 | Abyss:1  | Reached XP level 1. HP: 18/18 MP: 2/2
   190 | Abyss:1  | Noticed a thrashing horror
   192 | D:1      | Escaped the Abyss
   366 | D:1      | Gained mutation: You are partially covered in rugged brown
                  | scales. (AC +1, +3% HP) [demonic ancestry]
   366 | D:1      | Reached XP level 2. HP: 15/24 MP: 3/3
   600 | D:1      | Reached * piety under Lugonu
  1418 | D:2      | Gained mutation: You sometimes gain a little power by
                  | taking damage. [demonic ancestry]
  1418 | D:2      | Reached XP level 3. HP: 30/30 MP: 4/4
  1986 | D:2      | Noticed Robin
  2247 | D:3      | Killed Robin
  2247 | D:3      | Reached skill level 4 in Fighting
  2247 | D:3      | Reached skill level 1 in Dodging
  2247 | D:3      | Gained mutation: You sometimes gain power by taking damage.
                  | [demonic ancestry]
  2247 | D:3      | Reached XP level 4. HP: 4/38 MP: 5/5
  2275 | D:3      | Slain by an ooze

Skill      XL: |  1  2  3 |
---------------+----------+-----
Maces & Flails | 2 |  2.7
Armour         | 2 |  2.2
Fighting       | 4 |  4.0
Dodging        | 1 |  1.1
Shields        | |  0.1
Invocations    | |  2.6

Action                   |  1- 3 |  4- 6 || total
-------------------------+-------+-------++-------
Melee: Mace              |   108 |     8 ||   116
Invok: Depart the Abyss  |     1 |       ||     1
  Use: Scroll            |     6 |       ||     6
       Potion            |     2 |       ||     2
 Stab: Sleeping          |     1 |     1 ||     2
  Eat: Chunk             |     1 |       ||     1
       Ration            |     1 |       ||     1
Armor: Leather armour    |    57 |     6 ||    63
Dodge: Dodged            |    90 |     5 ||    95
Block: Buckler           |    14 |     3 ||    17
